 Dungeon Crawl Stone Soup version 0.21.1-1-g345015f (webtiles) character file.

149324 letownia2 the Devastator (level 17, -14/98 HPs)
             Began as a Gargoyle Wizard on Feb 23, 2018.
             Was the Champion of Vehumet.
             Killed from afar by a spellforged servitor (38 damage)
             ... with an iron shot
             ... summoned by the player character
             ... on level 4 of the Snake Pit on Feb 24, 2018.
             The game lasted 02:32:17 (11342 turns).

letownia2 the Devastator (Gargoyle Wizard)         Turns: 11342, Time: 02:32:18

Health: -14/98     AC: 40    Str: 24    XL:     17   Next: 21%
Magic:  18/57      EV:  9    Int: 34    God:    Vehumet [******]
Gold:   293        SH:  0    Dex: 13    Spells: 2/40 levels left

rFire    + . .     SeeInvis .   a - staff of power
rCold    + + .     Gourm    .   (no shield)
rNeg     + . .     Faith    +   i - +3 ice dragon scales "Damnable Contraption" {rF- rC++ Dex+6}
rPois    ∞         Spirit   .   F - +2 helmet {Int+3}
rElec    +         Reflect  .   Y - +1 cloak of Hafip {rF+ Int+4 Dex+3}
rCorr    .         Harm     .   W - +2 pair of gloves {Str+3}
MR       +....                  X - +2 pair of boots of the Assassin {Detection Stab+ Stlth++}
Stlth    ++........             U - amulet of faith
HPRegen  0.26/turn              V - ring "Nehagom" {rPois MP+9 Str+4}
MPRegen  0.35/turn              A - ring of the Median {rF+ Str+4 Int+3 Dex-4 Slay-3}

@: flying, slowed, constricted, very slow
A: big wings, negative energy resistance 1, electricity resistance, unbreathing,
petrification resistance, rot immunity, AC +12
}: 1/15 runes: barnacled
a: Stop Flying, Renounce Religion


You were on level 4 of the Snake Pit.
You worshipped Vehumet.
Vehumet was exalted by your worship.
You were very hungry.

You visited 5 branches of the dungeon, and saw 23 of its levels.
You visited 1 bazaar.
You also visited: Sewer, Ossuary and Ice Cave.

You collected 1062 gold pieces.
You spent 769 gold pieces at shops.

Inventory:

Hand Weapons
 b - the +12 glaive of Prune {chop}
   (You found it on level 4 of the Shoals)

   It inflicts extra damage upon your enemies.
Missiles
 o - 40 steel javelins (quivered)
 y - 5 throwing nets
Armour
 i - the +3 ice dragon scales "Damnable Contraption" (worn) {rF- rC++ Dex+6}
   (You found it in an ice cave)

   It affects your dexterity (+6).
   It makes you vulnerable to fire.
   It greatly protects you from cold.
 C - a +0 pair of boots of flying
 F - a +2 helmet of intelligence (worn)
 W - a +2 pair of gloves of strength (worn)
 X - the +2 pair of boots of the Assassin (worn) {Detection Stab+ Stlth++}
   (You acquired it on level 2 of the Shoals)

   It makes you much more stealthy.
 Y - the +1 cloak of Hafip (worn) {rF+ Int+4 Dex+3}
   (You found it on level 6 of the Lair of Beasts)

   It affects your intelligence (+4).
   It affects your dexterity (+3).
   It protects you from fire.
Magical Staves
 a - an uncursed staff of power (weapon)
 d - an uncursed staff of energy
 l - an uncursed staff of conjuration
 N - an uncursed staff of cold
Jewellery
 c - the ring "Ziofowk" {+Blink rN+ Slay+2}
   (You found it on level 1 of the Snake Pit)

   [ring of positive energy]

   It affects your accuracy and damage with ranged weapons and melee attacks
   (+2).
   It protects you from negative energy.
   It lets you blink.
 w - an uncursed ring of protection from cold
 A - the ring of the Median (right hand) {rF+ Str+4 Int+3 Dex-4 Slay-3}
   (You found it on level 4 of the Shoals)

   [ring of slaying]

   It affects your strength (+4).
   It affects your intelligence (+3).
   It affects your dexterity (-4).
   It affects your accuracy and damage with ranged weapons and melee attacks
   (-3).
   It protects you from fire.
 I - a +5 ring of evasion
 J - the ring of Niadgh {rC+ rN+ Slay+4 Stlth-}
   (You bought it in a shop on level 3 of the Shoals)

   [ring of loudness]

   It affects your accuracy and damage with ranged weapons and melee attacks
   (+4).
   It protects you from cold.
   It protects you from negative energy.
   It makes you less stealthy.
 R - an uncursed ring of protection from fire
 U - an amulet of faith (around neck)
 V - the ring "Nehagom" (left hand) {rPois MP+9 Str+4}
   (You found it on level 2 of the Snake Pit)

   [ring of magical power]

   It affects your strength (+4).
   It protects you from poison.
   It affects your magic capacity (+9).
Wands
 e - a wand of enslavement (11)
 L - a wand of random effects (16)
 T - a wand of digging (12)
Scrolls
 h - 3 scrolls of identify
 j - 2 scrolls of enchant weapon
 n - 3 scrolls of magic mapping
 p - 7 scrolls of enchant armour
 q - 3 scrolls of teleportation
 E - a scroll of immolation
 S - a scroll of remove curse
Potions
 f - a potion of might
 g - 2 potions of resistance
 k - 3 potions of brilliance
 r - 4 potions of haste
 u - 2 potions of agility
 v - a potion of ambrosia
 x - 4 potions of magic
 z - 2 potions of cancellation
 B - 2 potions of berserk rage
 D - 5 potions of curing
 Q - 6 potions of lignification
Books
 s - a Fen Folio

   Spells                             Type                      Level
   a - Corpse Rot                     Necromancy                   2
   b - Stone Arrow                    Conjuration/Earth            3
   c - Leda's Liquefaction            Hexes/Earth                  4
   d - Summon Forest                  Summoning/Translocation      5
   e - Hydra Form                     Transmutation                6
   f - Summon Hydra                   Summoning                    7
 G - a book of Power

   Spells                             Type                      Level
   a - Iskenderun's Battlesphere      Conjuration/Charms           5
   b - Venom Bolt                     Conjuration/Poison           5
   c - Bolt of Magma                  Conjuration/Fire/Earth       5
   d - Iron Shot                      Conjuration/Earth            6
   e - Orb of Destruction             Conjuration                  7
   f - Spellforged Servitor           Conjuration/Summoning        7
 K - a book of Battle

   Spells                             Type                      Level
   a - Infusion                       Charms                       1
   b - Shroud of Golubria             Charms/Translocation         2
   c - Song of Slaying                Charms                       2
   d - Spectral Weapon                Hexes/Charms                 3
   e - Regeneration                   Charms/Necromancy            3
 M - a book of Necromancy

   Spells                             Type                      Level
   a - Pain                           Necromancy                   1
   b - Animate Skeleton               Necromancy                   1
   c - Vampiric Draining              Necromancy                   3
   d - Regeneration                   Charms/Necromancy            3
   e - Animate Dead                   Necromancy                   4
   f - Borgnjor's Vile Clutch         Necromancy/Earth             5
 P - a book of Unlife

   Spells                             Type                      Level
   a - Recall                         Summoning/Translocation      3
   b - Animate Dead                   Necromancy                   4
   c - Borgnjor's Vile Clutch         Necromancy/Earth             5
   d - Death Channel                  Necromancy                   6
   e - Simulacrum                     Ice/Necromancy               6
Miscellaneous
 m - a lightning rod (4/4)
 O - a lamp of fire
Comestibles
 t - a chunk of flesh
 H - 22 rations


   Skills:
 - Level 8.3 Fighting
 + Level 8.5 Armour
 - Level 5.0 Dodging
 - Level 2.1 Stealth
 + Level 12.2 Spellcasting
 + Level 19.4 Conjurations
 - Level 6.0 Charms
 + Level 4.5 Summonings
 - Level 3.3 Necromancy
 - Level 3.9 Translocations
 - Level 2.0 Transmutations
 - Level 2.6 Fire Magic
 - Level 2.1 Air Magic
 - Level 17.0 Earth Magic
 - Level 2.7 Poison Magic


You had 2 spell levels left.
You knew the following spells:

 Your Spells              Type           Power        Failure   Level  Hunger
b - Blink                 Tloc           N/A          1%          2    None
c - Conjure Flame         Conj/Fire      #######.     1%          3    None
e - Mephitic Cloud        Conj/Pois/Air  ######..     1%          3    None
g - Regeneration          Chrm/Necr      ######....   2%          3    None
i - Iron Shot             Conj/Erth      #######...   1%          6    ####...
k - Animate Skeleton      Necr           N/A          1%          1    None
m - Bolt of Magma         Conj/Fire/Erth #######...   1%          5    None
n - Ignite Poison         Fire/Tmut/Pois #####...     1%          3    None
s - Spellforged Servitor  Conj/Summ      #######...   9%          7    #####..
P - Iskenderun's Battles  Conj/Chrm      #######.     1%          5    None


Dungeon Overview and Level Annotations

Branches:
Dungeon (8/15)             Temple (1/1) D:4            Lair (6/6) D:8
 Shoals (4/4) Lair:2        Snake (4/4) Lair:4        Slime (0/5) Lair:5

Altars:
Cheibriados
Dithmenos
Elyvilon
Fedhas
Hepliaklqana
Makhleb
Nemelex Xobeh
Ru
Sif Muna
Uskayaw
Vehumet
Wu Jian
Yredelemnul
The Shining One
Jiyva

Shops:
Shoals:3 *   Shoals:4 %   Snake:1 (

Annotations:
D:7 Autsider's ghost, novice DsIE
Lair:3 Mirai's ghost, journeyman GrEE
Snake:3 Louise


Innate Abilities, Weirdness & Mutations

You are resistant to torment.
Your stone body is resilient. (AC +12)
You are immune to poison.
Your large and strong wings let you fly indefinitely.
You resist negative energy. (rN+)
You are resistant to electric shocks. (rElec)
You can survive without breathing.
You are immune to petrification.
You are immune to rotting.


Message History

Vehumet accepts your kill.
You feel your power returning. The naga barely misses you.
The salamander hits you but does no damage.
Your spellforged servitor casts a spell at the naga.
The iron shot hits the naga.
The naga hits you but does no damage.
* * * LOW HITPOINT WARNING * * *
The naga constricts you.
Unknown command.
Unknown command.
Unknown command.
Unknown command.
Unknown command.
Casting: Bolt of Magma
Confirm with . or Enter, or press ? or * to list all spells.
The naga's grasp on you weakens, but your attempt to escape fails.
The salamander hits you but does no damage.
The naga hits you but does no damage. The naga constricts you.
Your spellforged servitor casts a spell at the naga.
The iron shot misses the naga.
The iron shot hits you!
You die...

#.).#
############†################
#............[...............
#...........................#
#............)...............
#.##........8.#.............
#.......)..N..#........#...
#........†............#####
#..........@.....#....####..
##...........NN.......###.....
##...###..............##.......
#.... #...).........##......##
.....###............##.....###(
...................##.....##.))
..................##.....##...)
..........#.......#......#.[..#
.........###..#..##.....##...).


You could see a salamander, 2 nagas and a friendly spellforged servitor.

Vanquished Creatures
  Polyphemus (Shoals:3)
  A kraken (Shoals:4)
  Donald (Snake:1)
  3 nagarajas
  6 merfolk impalers
  10 merfolk javelineers
  2 naga warriors (Snake:1)
  7 hydras
  2 catoblepae
  A merfolk avatar (Shoals:4)
  10 anacondas
  5 merfolk aquamancers
  A deep troll shaman (Lair:6)
  2 satyrs
  7 death yaks
  3 naga sharpshooters
  6 shock serpents
  4 salamander mystics
  2 naga ritualists (Snake:2)
  10 sea snakes
  A lindwurm (Lair:6)
  8 mana vipers
  4 harpies
  2 ugly things (IceCv)
  A cyclops (Shoals:4)
  11 manticores
  8 fauns
  3 salamanders
  11 merfolk sirens
  4 guardian serpents
  4 elephants
  33 black mambas
  Psyche (D:8)
  7 naga magi
  3 ice statues (IceCv)
  3 water nymphs
  3 spiny frogs
  Joseph (D:8)
  The ghost of Autsider the Sneak, a novice OpMo of Cheibriados (D:4)
  6 komodo dragons
  2 rime drakes (Lair:5)
  6 wind drakes
  3 polar bears
  28 merfolk
  4 hornets (D:8)
  9 hippogriffs
  16 blink frogs
  3 dream sheep (Shoals:4)
  12 snapping turtles
  4 water elementals
  31 yaks
  A basilisk (Lair:1)
  37 nagas
  10 water moccasins
  8 porcupines
  Purgy (Sewer)
  An orc warrior (Snake:4)
  A black bear (Lair:6)
  6 ice beasts (IceCv)
  16 wolves
  3 phantoms
  The ghost of bobthegiant the Vandal, an amateur MiHu (D:3)
  2 ogres
  3 centaurs
  10 crocodiles
  5 bullfrogs
  A gnoll sergeant (D:8)
  A scorpion (D:4)
  9 killer bees (D:8)
  3 electric eels (Lair:6)
  3 howler monkeys (D:8)
  A vampire bat (Lair:3)
  5 centaur zombies
  2 bullfrog zombies (Ossuary)
  Crazy Yiuf (D:3)
  An orc priest (Snake:4)
  An orc wizard (Snake:4)
  A bullfrog skeleton (D:5)
  A gnoll shaman (D:4)
  A worker ant (D:8)
  2 killer bee zombies (Ossuary)
  11 mummies (Ossuary)
  Robin (D:3)
  3 worker ant zombies (Ossuary)
  2 howler monkey zombies (Ossuary)
  7 gnolls
  3 adders
  2 adder zombies (Ossuary)
  A worm (D:4)
  A leopard gecko (D:8)
  10 orcs
  5 giant cockroaches
  16 goblins
  A hobgoblin (D:3)
  3 jackals (D:5)
  A quokka (D:6)
  A ball python (D:1)
  12 bats
  A frilled lizard (D:2)
  2 giant cockroach zombies
  2 leopard gecko skeletons
  2 leopard gecko zombies (Ossuary)
  A rat (D:3)
  2 fungi (D:3)
545 creatures vanquished.

Vanquished Creatures (collateral kills)
  Saint Roka (Snake:3)
  2 nagarajas (Snake:4)
  2 naga sharpshooters (Snake:4)
  A sea snake (Shoals:4)
  A mana viper (Snake:4)
  A manticore (Shoals:2)
  A salamander (Snake:3)
  A black mamba (Snake:4)
  A merfolk siren (Shoals:3)
  A guardian serpent (Snake:4)
  2 merfolk (Shoals:2)
  A hippogriff (Lair:3)
  A water elemental (Shoals:2)
  2 nagas (Snake:4)
  A water moccasin (Lair:5)
  A centaur (Shoals:3)
  A killer bee (D:8)
  An orc wizard (Snake:4)
22 creatures vanquished.

Vanquished Creatures (others)
  Ilsuiw (Shoals:4)
  A mana viper (Snake:2)
  A salamander (Snake:3)
  An orc wizard (D:8)
  A worker ant zombie (Ossuary)
  31 fungi
  15 plants
  9 tentacles (Shoals:4)
  A withered plant (Ossuary)
61 creatures vanquished.

Grand Total: 628 creatures vanquished

Notes
Turn   | Place    | Note
-------+----------+-------------------------------------------
     0 | D:1      | letownia2 the Gargoyle Wizard began the quest for the Orb.
     0 | D:1      | Reached XP level 1. HP: 10/10 MP: 4/4
    99 | D:2      | Reached skill level 2 in Conjurations
   156 | D:3      | Noticed a worker ant
   192 | D:2      | Reached XP level 2. HP: 15/15 MP: 1/6
   217 | D:2      | You fall through a shaft!
   217 | D:3      | Found a runed door.
   217 | D:3      | Noticed Crazy Yiuf
   234 | D:3      | Killed Crazy Yiuf
   234 | D:3      | Reached skill level 3 in Conjurations
   234 | D:3      | Reached XP level 3. HP: 8/19 MP: 1/7
   239 | D:3      | Learned a level 3 spell: Mephitic Cloud
   243 | D:3      | Learned a level 3 spell: Conjure Flame
   322 | D:3      | Noticed bobthegiant's ghost (amateur MiHu)
   579 | D:3      | Killed bobthegiant's ghost
   579 | D:3      | Reached skill level 5 in Conjurations
   579 | D:3      | Reached XP level 4. HP: 14/24 MP: 4/8
   579 | D:3      | Reached XP level 5. HP: 16/28 MP: 4/9
   593 | D:3      | Learned a level 2 spell: Blink
   623 | D:3      | Noticed Robin
   719 | D:3      | Killed Robin
   777 | D:3      | Reached skill level 1 in Fire Magic
   777 | D:3      | Reached skill level 1 in Poison Magic
   826 | D:4      | Found a staircase to the Ecumenical Temple.
   836 | Temple   | Entered the Ecumenical Temple
   891 | Temple   | Became a worshipper of Vehumet
   931 | D:4      | Noticed Autsider's ghost (novice OpMo)
   940 | D:4      | Killed Autsider's ghost
   940 | D:4      | Reached XP level 6. HP: 15/32 MP: 6/10
   940 | D:4      | Reached XP level 7. HP: 17/36 MP: 6/11
  1009 | D:4      | Reached skill level 1 in Fighting
  1169 | D:5      | Entered Level 5 of the Dungeon
  1320 | D:6      | Found a glowing drain.
  1346 | Sewer    | Entered a sewer
  1351 | Sewer    | Reached * piety under Vehumet
  1351 | Sewer    | Offered knowledge of Freeze by Vehumet.
  1353 | Sewer    | Noticed Purgy
  1378 | Sewer    | Killed Purgy
  1448 | D:6      | Found a sparkling altar of Nemelex Xobeh.
  1623 | D:6      | Found a sand-covered staircase.
  1627 | Ossuary  | Entered an ossuary
  1699 | Ossuary  | Reached XP level 8. HP: 38/44 MP: 1/13
  2026 | Ossuary  | Offered knowledge of Flame Tongue by Vehumet.
  2026 | Ossuary  | Reached skill level 5 in Spellcasting
  2050 | Ossuary  | Reached ** piety under Vehumet
  2131 | D:6      | Learned a level 1 spell: Flame Tongue
  2193 | D:7      | Learned a level 5 spell: Iskenderun's Battlesphere
  2273 | D:7      | Reached skill level 6 in Conjurations
  2273 | D:7      | Reached skill level 1 in Charms
  2282 | D:8      | Noticed Joseph
  2405 | D:7      | Reached XP level 9. HP: 35/52 MP: 8/17
  2426 | D:7      | Noticed Autsider's ghost (novice DsIE)
  2504 | D:8      | Killed Joseph
  2504 | D:8      | Reached skill level 7 in Conjurations
  2598 | D:8      | Noticed a hornet
  2598 | D:8      | Noticed a hornet
  2600 | D:8      | Noticed a hornet
  2602 | D:8      | Noticed a hornet
  2607 | D:8      | Killed a hornet
  2608 | D:8      | Killed a hornet
  2617 | D:8      | Killed a hornet
  2617 | D:8      | Offered knowledge of Throw Flame by Vehumet.
  2617 | D:8      | Reached skill level 8 in Conjurations
  2620 | D:8      | Killed a hornet
  2640 | D:8      | Reached skill level 9 in Conjurations
  2670 | D:8      | Noticed Psyche
  2684 | D:8      | Killed Psyche
  2704 | D:8      | Reached XP level 10. HP: 31/56 MP: 9/18
  2806 | D:8      | Reached skill level 10 in Conjurations
  2822 | D:8      | Reached *** piety under Vehumet
  2850 | D:8      | Found an ornate altar of the Wu Jian Council.
  2885 | D:8      | Found a hide-covered altar of Uskayaw.
  2932 | D:8      | Found a staircase to the Lair.
  2962 | D:8      | Reached skill level 11 in Conjurations
  2988 | Lair:1   | Entered Level 1 of the Lair of Beasts
  3169 | Lair:2   | Reached skill level 12 in Conjurations
  3190 | Lair:2   | Offered knowledge of Inner Flame by Vehumet.
  3277 | Lair:2   | Noticed a black mamba
  3282 | Lair:2   | Killed a black mamba
  3282 | Lair:2   | Reached skill level 13 in Conjurations
  3289 | Lair:2   | Learned a level 5 spell: Bolt of Magma
  3347 | Lair:2   | Reached XP level 11. HP: 43/60 MP: 12/19
  3460 | Lair:2   | Reached skill level 5 in Earth Magic
  3486 | Lair:2   | Noticed a manticore
  3512 | Lair:2   | Found a staircase to the Shoals.
  3522 | Lair:2   | Killed a manticore
  3633 | Lair:3   | Noticed Mirai's ghost (journeyman GrEE)
  3763 | Lair:3   | Reached **** piety under Vehumet
  3929 | Lair:3   | Noticed a five-headed hydra
  3950 | Lair:3   | Offered knowledge of Ignite Poison by Vehumet.
  4124 | Lair:4   | Noticed a five-headed hydra
  4128 | Lair:4   | Killed a five-headed hydra
  4145 | Lair:4   | Learned a level 3 spell: Ignite Poison
  4235 | Lair:4   | Noticed a five-headed hydra
  4249 | Lair:4   | Killed a five-headed hydra
  4326 | Lair:4   | Reached skill level 1 in Translocations
  4326 | Lair:4   | Reached XP level 12. HP: 34/67 MP: 9/22
  4344 | Lair:5   | Noticed a six-headed hydra
  4397 | Lair:5   | Found a staircase to the Slime Pits.
  4405 | Lair:5   | Found a viscous altar of Jiyva.
  4418 | Lair:5   | Noticed a seven-headed hydra
  4420 | Lair:5   | Noticed a catoblepas
  4426 | Lair:5   | Killed a seven-headed hydra
  4426 | Lair:5   | Reached skill level 1 in Transmutations
  4550 | Lair:5   | Reached skill level 14 in Conjurations
  4630 | Lair:5   | Found a frozen archway.
  4647 | Lair:5   | Reached skill level 15 in Conjurations
  4674 | IceCv    | Entered an ice cave
  4773 | IceCv    | Reached skill level 16 in Conjurations
  5004 | IceCv    | Got bloodstained ice dragon scales
  5023 | IceCv    | Identified the +3 ice dragon scales "Damnable Contraption" {rF- rC++ Dex+6} (You found it in an ice cave)
  5129 | Lair:6   | Entered Level 6 of the Lair of Beasts
  5146 | Lair:6   | Reached skill level 17 in Conjurations
  5239 | Lair:5   | Killed a six-headed hydra
  5273 | Lair:5   | Noticed a seven-headed hydra
  5290 | Lair:5   | Killed a seven-headed hydra
  5290 | Lair:5   | Reached skill level 5 in Armour
  5290 | Lair:5   | Reached XP level 13. HP: 31/72 MP: 3/24
  5357 | Lair:6   | Reached ***** piety under Vehumet
  5367 | Lair:6   | Offered knowledge of Sticky Flame by Vehumet.
  5409 | Lair:6   | Reached skill level 18 in Conjurations
  5844 | Lair:6   | Learned a level 3 spell: Regeneration
  5996 | Lair:6   | Reached skill level 1 in Necromancy
  6044 | Lair:6   | Got a fine cloak
  6075 | Lair:6   | Identified the +1 cloak of Hafip {rF+ Int+4 Dex+3} (You found it on level 6 of the Lair of Beasts)
  6270 | Lair:4   | Found a staircase to the Snake Pit.
  6295 | Snake:1  | Entered Level 1 of the Snake Pit
  6312 | Snake:1  | Reached skill level 5 in Charms
  6335 | Snake:1  | Reached skill level 19 in Conjurations
  6369 | Snake:1  | Found Wyseneamya's Antique Weapon Shop.
  6412 | Snake:1  | Got a transparent golden ring
  6531 | Snake:1  | Gained mutation: Your large and strong wings let you fly indefinitely. [Gargoyle growth]
  6531 | Snake:1  | Reached XP level 14. HP: 63/76 MP: 14/27
  6863 | Snake:1  | Noticed Donald
  6889 | Snake:1  | Killed Donald
  6898 | Snake:1  | Learned a level 6 spell: Iron Shot
  6899 | Snake:1  | Identified the ring "Ziofowk" {+Blink rN+ Slay+2} (You found it on level 1 of the Snake Pit)
  6967 | Snake:2  | Reached skill level 10 in Earth Magic
  7170 | Snake:3  | Noticed Mara
  7290 | Snake:2  | Reached skill level 10 in Spellcasting
  7354 | Snake:2  | Learned a level 1 spell: Animate Skeleton
  7523 | Snake:3  | Noticed Louise
  7592 | Snake:2  | Noticed a nagaraja
  7602 | Snake:2  | Got a scorched brass ring
  7608 | Snake:2  | Identified the ring "Nehagom" {rPois MP+9 Str+4} (You found it on level 2 of the Snake Pit)
  7874 | Snake:3  | Reached XP level 15. HP: 61/80 MP: 3/30
  7898 | Snake:3  | Offered knowledge of Bolt of Fire by Vehumet.
  8103 | Snake:2  | Killed a nagaraja
  8168 | Snake:4  | Entered Level 4 of the Snake Pit
  8168 | Snake:4  | Noticed a nagaraja
  8168 | Snake:4  | Noticed a nagaraja
  8168 | Snake:4  | Noticed a nagaraja
  8230 | Snake:4  | Noticed Saint Roka
  8419 | Shoals:1 | Entered Level 1 of the Shoals
  8486 | Shoals:1 | Reached skill level 5 in Fighting
  8800 | Shoals:2 | Got a brightly glowing hand axe
  8945 | Shoals:2 | Found a gateway to a bazaar.
  8951 | Shoals:2 | Offered knowledge of Bolt of Draining by Vehumet.
  8975 | Shoals:2 | Reached ****** piety under Vehumet
  9109 | Shoals:2 | Identified the +8 hand axe of the Shark {freeze, Str+2} (You found it on level 2 of the Shoals)
  9112 | Bazaar   | Entered a bazaar
  9139 | Bazaar   | Found Kunar's Magic Scroll Shoppe.
  9139 | Bazaar   | Found Ypeduicaiff's Magic Scroll Emporium.
  9200 | Bazaar   | Bought a scroll of teleportation for 30 gold pieces
  9200 | Bazaar   | Bought a scroll of acquirement for 520 gold pieces
  9200 | Bazaar   | Bought a scroll of teleportation for 30 gold pieces
  9249 | Shoals:2 | Found the +2 pair of boots of the Assassin {Detection Stab+ Stlth++}
  9387 | Shoals:4 | Entered Level 4 of the Shoals
  9419 | Shoals:4 | Noticed Ilsuiw
  9419 | Shoals:4 | Reached XP level 16. HP: 66/94 MP: 31/31
  9447 | Shoals:4 | Killed Ilsuiw
  9485 | Shoals:3 | Found Guysump's Assorted Antiques.
  9485 | Shoals:3 | Noticed Polyphemus
  9805 | Shoals:3 | Killed Polyphemus
  9805 | Shoals:3 | Reached skill level 15 in Earth Magic
  9877 | Shoals:3 | Bought a slimy lapis lazuli ring for 135 gold pieces
  9878 | Shoals:3 | Identified the ring of Niadgh {rC+ rN+ Slay+4 Stlth-} (You bought it in a shop on level 3 of the Shoals)
  9906 | Shoals:4 | Reached skill level 5 in Dodging
  9919 | Shoals:3 | Bought a scroll labeled HOASEITTOPE for 27 gold pieces
  9919 | Shoals:3 | Bought a scroll labeled AXAQITTUSSU for 27 gold pieces
 10019 | Shoals:4 | Offered knowledge of Poison Arrow by Vehumet.
 10300 | Shoals:4 | Got a faintly glowing glass ring
 10303 | Shoals:4 | Identified the cursed ring of the Median {rF+ Str+4 Int+3 Dex-4 Slay-3} (You found it on level 4 of the Shoals)
 10412 | Shoals:4 | Got a barnacled rune of Zot
 10520 | Shoals:4 | Found Kiasti's Food Shop.
 10521 | Shoals:4 | Found the +12 glaive of Prune {chop}
 10624 | Shoals:4 | Noticed a kraken
 10638 | Shoals:4 | Killed a kraken
 10841 | Lair:2   | Learned a level 7 spell: Spellforged Servitor
 10860 | Lair:3   | Reached skill level 1 in Summonings
 10971 | Snake:4  | Noticed a nagaraja
 10971 | Snake:4  | Noticed a nagaraja
 11121 | Snake:3  | Killed Saint Roka
 11121 | Snake:3  | Reached XP level 17. HP: 86/98 MP: 13/33
 11191 | Snake:4  | Offered knowledge of Freezing Cloud by Vehumet.
 11342 | Snake:4  | Killed from afar by a spellforged servitor

Skill      XL: |  1  2  3  4  5  6  7  8  9 10 11 12 13 14 15 16 17 |
---------------+----------------------------------------------------+-----
Conjurations   | 2 3 5 6 9 13 17 19 | 19.4
Fire Magic     | 2 |  2.6
Poison Magic   | 2 |  2.7
Air Magic      | 2 |  2.1
Fighting       | 2 3 4 8 |  8.3
Dodging        | 3 5 |  5.0
Armour         | 2 5 6 8 |  8.5
Spellcasting   | 5 7 9 11 12 | 12.2
Charms         | 2 4 5 6 |  6.0
Earth Magic    | 2 8 9 12 14 17 | 17.0
Translocations | 1 2 3 |  3.9
Transmutations | 1 2 |  2.0
Necromancy     | 2 3 |  3.3
Summonings     | 3 4 |  4.5
Stealth        | |  2.1

Action                   |  1- 3 |  4- 6 |  7- 9 | 10-12 | 13-15 | 16-18 || total
-------------------------+-------+-------+-------+-------+-------+-------++-------
Melee: Unarmed           |     6 |       |       |       |       |       ||     6
       Quarterstaff      |    40 |    17 |    28 |       |       |       ||    85
       Dagger            |       |    14 |   190 |   251 |   286 |    52 ||   793
       Halberd           |       |       |    18 |       |       |       ||    18
       Staff             |       |       |       |     1 |    58 |    39 ||    98
       Hand axe          |       |       |       |       |       |     4 ||     4
       Glaive            |       |       |       |       |       |    11 ||    11
Throw: Javelin           |       |       |       |       |       |    17 ||    17
 Cast: Magic Dart        |    18 |    13 |    62 |   110 |   110 |     9 ||   322
       Conjure Flame     |     2 |     2 |    21 |    27 |    36 |     2 ||    90
       Mephitic Cloud    |       |     1 |    15 |    20 |    33 |    27 ||    96
       Flame Tongue      |       |       |    38 |    79 |   241 |   111 ||   469
       Blink             |       |       |     1 |     1 |     5 |     6 ||    13
       Iskenderun's Batt |       |       |       |    25 |    55 |    15 ||    95
       Bolt of Magma     |       |       |       |    13 |    45 |    45 ||   103
       Ignite Poison     |       |       |       |     1 |     3 |     8 ||    12
       Regeneration      |       |       |       |       |    22 |     7 ||    29
       Iron Shot         |       |       |       |       |    51 |    42 ||    93
       Animate Skeleton  |       |       |       |       |     4 |    12 ||    16
       Spellforged Servi |       |       |       |       |       |     5 ||     5
 Abil: Fly               |       |       |       |       |     1 |       ||     1
Evoke: Wand              |       |       |       |     3 |     4 |    11 ||    18
       Lamp of fire      |       |       |       |     1 |       |     1 ||     2
       Lightning rod     |       |       |       |       |     4 |     1 ||     5
  Use: Scroll            |       |       |    13 |     8 |    14 |     9 ||    44
       Potion            |       |       |     1 |       |     4 |     9 ||    14
 Stab: Confused          |     1 |       |     6 |     6 |    12 |    10 ||    35
       Distracted        |       |       |       |       |       |     2 ||     2
  Eat: Chunk             |       |       |     9 |    15 |    30 |    15 ||    69
       Ration            |       |       |       |     1 |     3 |       ||     4
Armor: Robe              |    30 |    10 |     1 |       |       |       ||    41
       Leather armour    |       |       |   120 |    88 |       |       ||   208
       Ice dragon scales |       |       |       |    52 |   444 |   237 ||   733
Dodge: Dodged            |    44 |    15 |   180 |   242 |   464 |   178 ||  1123
